[Event "Caplin Hastings Masters 2023-24"]
[Site "Hastings"]
[Date "2024.01.04"]
[Round "8.19"]
[White "Rudd, Jack"]
[Black "Lahlum, Hans Olav"]
[Result "1-0"]
[ECO "D31"]
[WhiteElo "2314"]
[BlackElo "2037"]
[Annotator "RC"]
[PlyCount "71"]
[EventDate "2023.12.18"]
[EventType "swiss"]
[EventCountry "ENG"]
[SourceTitle "playchess.com"]
[Source "ChessBase"]
[SourceQuality "1"]
[TimeControl "40/6000+30:3000+30"]

1. d4 d5 2. c4 e6 3. Nc3 c6 4. Nf3 dxc4 5. e3 b5 6. a4 Bb4 7. Bd2 a5 8. axb5 Bxc3 9. Bxc3 cxb5 10. b3 Bb7 11. bxc4 b4 12. Bb2 Nf6 13. Bd3 Nbd7 14. O-O O-O 15. Re1 Be4 16. Bf1 Qc7 17. Nd2 Bb7 18. c5 Qc6 19. Nc4 a4 20. Qd2 a3 21. Bc1 Ra4 22. Qc2 Rb8 23. Bd2 Ba8 24. Reb1 e5 25. dxe5 Ne4 26. Nd6 Nxd2 27. Qxd2 Nxc5 28. f3 b3 29. Bb5 b2 30. Bxc6 bxa1=Q 31. Rxa1 Bxc6 32. Qc2 Rab4 33. Qxc5 Rb1+ 34. Rxb1 Rxb1+ 35. Kf2 Rb2+ 36. Kg3 1-0

[Event "Caplin Hastings Masters 2023-24"]
[Site "Hastings"]
[Date "2024.01.04"]
[Round "8.20"]
[White "Lux, Hugo de Melo"]
[Black "Thompson, Ian D"]
[Result "1-0"]
[ECO "C11"]
[WhiteElo "2311"]
[BlackElo "2011"]
[Annotator "RC"]
[PlyCount "113"]
[EventDate "2023.12.18"]
[EventType "swiss"]
[EventCountry "ENG"]
[SourceTitle "playchess.com"]
[Source "ChessBase"]
[SourceQuality "1"]
[TimeControl "40/6000+30:3000+30"]

1. e4 e6 2. d4 d5 3. Nc3 Nf6 4. e5 Nfd7 5. f4 c5 6. Nf3 Nc6 7. Be3 Be7 8. Qd2 O-O 9. dxc5 Bxc5 10. O-O-O Qa5 11. a3 Rb8 12. Bxc5 Nxc5 13. Qe3 Qb6 14. Kb1 Na4 15. Qxb6 Nxb6 16. Nb5 Bd7 17. h4 a6 18. Nbd4 Na4 19. Rh3 Nc5 20. Bd3 f5 21. Rhh1 Ne4 22. Rhf1 b5 23. Nxc6 Bxc6 24. Nd4 Bd7 25. Bxe4 fxe4 26. b4 a5 27. Nb3 axb4 28. axb4 Rfe8 29. Kb2 Re7 30. Kc3 Be8 31. Ra1 Bh5 32. Kd4 Bg4 33. Nc5 h6 34. Ke3 g5 35. fxg5 hxg5 36. Rf6 gxh4 37. Rh1 Bf5 38. Rxh4 Rg7 39. Rfh6 Kf7 40. Rf6+ Ke7 41. Rhh6 Rxg2 42. Nxe6 Bxe6 43. Rh7+ Ke8 44. Rxe6+ Kd8 45. Rh8+ Kd7 46. Rd6+ Kc7 47. Rh7+ Kc8 48. e6 d4+ 49. Kxe4 Rb7 50. Rh8+ Kc7 51. Rd7+ Kb6 52. Rxb7+ Kxb7 53. Kd5 Re2 54. Kd6 d3 55. cxd3 Rd2 56. e7 Rxd3+ 57. Kc5 1-0

[Event "Caplin Hastings Masters 2023-24"]
[Site "Hastings"]
[Date "2024.01.04"]
[Round "8.21"]
[White "Bozinakis, Pavlos"]
[Black "Pert, Max"]
[Result "1/2-1/2"]
[ECO "B13"]
[WhiteElo "2274"]
[BlackElo "1950"]
[Annotator "RC"]
[PlyCount "155"]
[EventDate "2023.12.18"]
[EventType "swiss"]
[EventCountry "ENG"]
[SourceTitle "playchess.com"]
[Source "ChessBase"]
[SourceQuality "1"]
[TimeControl "40/6000+30:3000+30"]

1. e4 c6 2. d4 d5 3. exd5 cxd5 4. Nf3 Nc6 5. c4 Nf6 6. Nc3 Bg4 7. Be3 e6 8. c5 Be7 9. h3 Bh5 10. Be2 O-O 11. O-O Ne4 12. Qb3 Qb8 13. Rfe1 Bf6 14. Rad1 Rd8 15. Qc2 Bg6 16. Qa4 a6 17. Rc1 Qc7 18. Red1 Ne7 19. Qb3 Nf5 20. Na4 Nxe3 21. Qxe3 Re8 22. Nb6 Rad8 23. b4 Bh5 24. Rb1 Bxf3 25. Bxf3 Nd6 26. Qf4 Nb5 27. Qxc7 Nxc7 28. a4 Na8 29. Nxa8 Rxa8 30. Kf1 g6 31. Ke2 Reb8 32. a5 Bd8 33. Kd3 Kg7 34. g3 Rc8 35. Bg2 Kf6 36. f4 Bc7 37. Rf1 Kg7 38. Rbe1 Re8 39. g4 f5 40. Rf3 Kf7 41. Bf1 Kf6 42. Be2 Rg8 43. Bd1 Rae8 44. Ba4 Re7 45. Ke3 h6 46. Rg1 g5 47. fxg5+ hxg5 48. gxf5 exf5+ 49. Kd3 Rh8 50. Bb3 Rd8 51. Rgf1 f4 52. R1f2 Re1 53. Rf1 Re7 54. Rc1 Kf5 55. Rg1 Rg7 56. Ke2 Re7+ 57. Kd2 Kf6 58. Bc2 Rde8 59. Rg2 Re1 60. Bb3 Rb1 61. Kc2 Ree1 62. Bxd5 Rxb4 63. Kc3 Bxa5 64. h4 Rd1 65. hxg5+ Kg7 66. Kc2 Rdxd4 67. Rd3 Rxd3 68. Kxd3 Rb5 69. Kd4 Bb4 70. c6 bxc6 71. Bxc6 Rf5 72. Ke4 Rf8 73. Kf3 a5 74. Be4 a4 75. Rb2 Rb8 76. Ra2 a3 77. Kxf4 Bd6+ 78. Ke3 1/2-1/2

[Event "Caplin Hastings Masters 2023-24"]
[Site "Hastings"]
[Date "2024.01.04"]
[Round "8.22"]
[White "ONUOHA, Obioma"]
[Black "Sarkar, Justin"]
[Result "0-1"]
[ECO "B40"]
[WhiteElo "1995"]
[BlackElo "2272"]
[Annotator "RC"]
[PlyCount "100"]
[EventDate "2023.12.18"]
[EventType "swiss"]
[EventCountry "ENG"]
[SourceTitle "playchess.com"]
[Source "ChessBase"]
[SourceQuality "1"]
[TimeControl "40/6000+30:3000+30"]

1. e4 c5 2. Nf3 e6 3. d4 cxd4 4. Nxd4 Nc6 5. Nb3 Nf6 6. Bd3 Be7 7. O-O O-O 8. f4 d6 9. Nc3 b5 10. Qf3 b4 11. Ne2 a5 12. Be3 e5 13. f5 d5 14. Rad1 a4 15. Nd2 d4 16. Bf2 Nd7 17. Qh5 Ba6 18. Nf3 b3 19. axb3 axb3 20. Bxa6 bxc2 21. Bb7 cxd1=B 22. Rxd1 Qb6 23. Bxa8 Rxa8 24. Nc3 Nf6 25. Nd5 Nxd5 26. exd5 Qb3 27. Rc1 Qxd5 28. h4 e4 29. Ng5 h6 30. Nxf7 Qxf7 31. Qxf7+ Kxf7 32. Rxc6 Ra1+ 33. Kh2 e3 34. Bxe3 dxe3 35. Re6 Bd6+ 36. Kh3 Rh1+ 37. Kg4 h5+ 38. Kxh5 Be7 39. Kg4 Rxh4+ 40. Kg3 Rb4 41. Rxe3 Rxb2 42. Kf3 Bc5 43. Re5 Rf2+ 44. Kg4 Rxg2+ 45. Kf3 Rf2+ 46. Kg4 Bd6 47. Re6 Rf4+ 48. Kg5 Rd4 49. Re1 Be7+ 50. f6 Bxf6+ 0-1

[Event "Caplin Hastings Masters 2023-24"]
[Site "Hastings"]
[Date "2024.01.04"]
[Round "8.23"]
[White "Nielsen, Andre"]
[Black "Larkin, Benjamin"]
[Result "1-0"]
[ECO "B96"]
[WhiteElo "2239"]
[BlackElo "1814"]
[Annotator "RC"]
[PlyCount "83"]
[EventDate "2023.12.18"]
[EventType "swiss"]
[EventCountry "ENG"]
[SourceTitle "playchess.com"]
[Source "ChessBase"]
[SourceQuality "1"]
[TimeControl "40/6000+30:3000+30"]

1. e4 c5 2. Nf3 d6 3. d4 cxd4 4. Nxd4 Nf6 5. Nc3 a6 6. Bg5 e6 7. f4 h6 8. Bh4 Qb6 9. a3 Nbd7 10. Bc4 e5 11. fxe5 dxe5 12. Nb3 Be7 13. Qe2 Qc7 14. O-O-O b5 15. Bd5 Rb8 16. Be1 b4 17. axb4 Rxb4 18. h3 Rb8 19. g4 a5 20. Nb5 Qb6 21. c4 Nxd5 22. Rxd5 a4 23. Bf2 Qg6 24. Nc5 Bxc5 25. Bxc5 Nxc5 26. Nc7+ Ke7 27. Rxc5 Rd8 28. Rxe5+ Kf8 29. Rd1 Bb7 30. Nb5 Rbc8 31. Rxd8+ Rxd8 32. Qe3 Qf6 33. Qc5+ Kg8 34. Kb1 Qf3 35. Nc3 a3 36. Qb5 axb2 37. Re8+ Rxe8 38. Qxe8+ Kh7 39. Kxb2 Qxh3 40. Qxf7 Bxe4 41. Nxe4 Qh2+ 42. Ka3 1-0

[Event "Caplin Hastings Masters 2023-24"]
[Site "Hastings"]
[Date "2024.01.04"]
[Round "8.24"]
[White "Gibbs, Dominic V"]
[Black "Villiers, Thomas"]
[Result "0-1"]
[ECO "B22"]
[WhiteElo "1795"]
[BlackElo "2230"]
[Annotator "RC"]
[PlyCount "82"]
[EventDate "2023.12.18"]
[EventType "swiss"]
[EventCountry "ENG"]
[SourceTitle "playchess.com"]
[Source "ChessBase"]
[SourceQuality "1"]
[TimeControl "40/6000+30:3000+30"]

1. e4 c5 2. c3 Nf6 3. e5 Nd5 4. Nf3 Nc6 5. Bc4 Nb6 6. Bb3 c4 7. Bc2 g6 8. O-O Bg7 9. Re1 O-O 10. Na3 d5 11. b3 Bg4 12. bxc4 Nxe5 13. c5 Nbc4 14. d4 Bxf3 15. gxf3 Nxa3 16. Bxa3 Nc4 17. Bc1 e5 18. Rb1 Qa5 19. Rb3 exd4 20. cxd4 Bxd4 21. Rd3 Rfe8 22. Rf1 Bxc5 23. Bb3 Rad8 24. Kg2 Bf8 25. Bd2 Nxd2 26. Rxd2 Re5 27. f4 Rf5 28. Rd4 Bc5 29. Ra4 Qc7 30. Qc1 b5 31. Rd4 Qb6 32. Rd3 Bd6 33. Qe3 Qb7 34. Rfd1 Bxf4 35. Qe2 d4+ 36. Qf3 Qb6 37. Qe2 Qf6 38. Rf3 Qh4 39. h3 Qh5 40. Qd3 Re8 41. Bd5 Qg5+ 0-1

[Event "Caplin Hastings Masters 2023-24"]
[Site "Hastings"]
[Date "2024.01.04"]
[Round "8.25"]
[White "Rayner, Francis"]
[Black "Rami, Talab"]
[Result "0-1"]
[ECO "E63"]
[WhiteElo "2035"]
[BlackElo "1947"]
[Annotator "NA RC"]
[PlyCount "102"]
[EventDate "2023.12.18"]
[EventType "swiss"]
[EventCountry "ENG"]
[SourceTitle "playchess.com"]
[Source "ChessBase"]
[SourceQuality "1"]
[TimeControl "40/6000+30:3000+30"]

1. c4 Nf6 2. Nf3 g6 3. g3 Bg7 4. Bg2 O-O 5. O-O d6 6. d4 Nc6 7. Nc3 a6 8. Bd2 Rb8 9. Rc1 Bd7 10. b3 b5 11. cxb5 axb5 12. d5 Nb4 13. Be3 c5 14. dxc6 Nxc6 15. Nd4 Nxd4 16. Bxd4 Qa5 17. Qd2 e5 18. Be3 b4 19. Nd5 Nxd5 20. Bxd5 Rfc8 21. a4 Rc3 22. Bc4 Bf8 23. Rfd1 Rc8 24. Bh6 Be7 25. Bg5 Bxg5 26. Qxg5 Rxc1 27. Rxc1 d5 28. Bd3 Rxc1+ 29. Qxc1 Kg7 30. Bb5 Be6 31. Qc5 h5 32. h4 Kf6 33. Kh2 d4 34. Qd6 Qa8 35. Qxb4 Qe4 36. Bc4 Qf5 37. Kg1 Qb1+ 38. Kh2 Qf1 39. Bxe6 Qxf2+ 40. Kh1 Qf1+ 41. Kh2 Qxe2+ 42. Kg1 Kxe6 43. Qb6+ Kf5 44. Qb7 d3 45. Qxf7+ Ke4 46. Qxg6+ Ke3 47. Qg5+ Kd4 48. Qd8+ Kc3 49. Qa5+ Kb2 50. Qb5 Qe1+ 51. Kg2 d2 0-1

[Event "Caplin Hastings Masters 2023-24"]
[Site "Hastings"]
[Date "2024.01.04"]
[Round "8.26"]
[White "White, Stuart A"]
[Black "Vasiliadis, Theodoros"]
[Result "0-1"]
[ECO "E71"]
[WhiteElo "2014"]
[BlackElo "1845"]
[Annotator "RC"]
[PlyCount "116"]
[EventDate "2023.12.18"]
[EventType "swiss"]
[EventCountry "ENG"]
[SourceTitle "playchess.com"]
[Source "ChessBase"]
[SourceQuality "1"]
[TimeControl "40/6000+30:3000+30"]

1. d4 Nf6 2. c4 g6 3. Nc3 Bg7 4. e4 d6 5. h3 O-O 6. Be3 Nc6 7. d5 Ne5 8. Be2 e6 9. Nf3 Nxf3+ 10. Bxf3 exd5 11. exd5 Re8 12. O-O Rxe3 13. fxe3 Nd7 14. Qc2 Ne5 15. Ne2 Qe7 16. Rae1 Bf6 17. Nf4 Bh4 18. Re2 Bg3 19. Nd3 Ng4 20. e4 Nh2 21. Rff2 Bxf2+ 22. Kxf2 Qh4+ 23. Ke3 Nf1+ 24. Kd4 Ng3 25. Re1 Bd7 26. Qf2 Nf5+ 27. Kc3 Qf6+ 28. Kd2 Nh4 29. Qg3 Nxf3+ 30. gxf3 Qd4 31. b3 Re8 32. Qf2 Qf6 33. h4 b5 34. Rh1 bxc4 35. bxc4 a5 36. h5 Bc8 37. hxg6 fxg6 38. Qh4 Qg7 39. Ke3 Ba6 40. Rc1 Rb8 41. Qe1 Qh6+ 42. Ke2 a4 43. Qc3 Bc8 44. Qf6 Bd7 45. Qc3 Qg5 46. Nf2 h5 47. Rf1 h4 48. Qa1 a3 49. Nd3 Bh3 50. Rg1 Bg2 51. Qc1 Qg3 52. Ne1 Rb2+ 53. Kd3 h3 54. Qh6 h2 55. Rxg2 Rxg2 56. Nxg2 Qxg2 57. Qh4 Qxf3+ 58. Kd2 h1=Q 0-1

[Event "Caplin Hastings Masters 2023-24"]
[Site "Hastings"]
[Date "2024.01.04"]
[Round "8.27"]
[White "Kovalskyi, Roman"]
[Black "Sivanandan, Bodhana"]
[Result "1-0"]
[ECO "B11"]
[WhiteElo "2009"]
[BlackElo "1857"]
[Annotator "NA RC"]
[PlyCount "81"]
[EventDate "2023.12.18"]
[EventType "swiss"]
[EventCountry "ENG"]
[SourceTitle "playchess.com"]
[Source "ChessBase"]
[SourceQuality "1"]
[TimeControl "40/6000+30:3000+30"]

1. e4 c6 2. Nc3 d5 3. Nf3 dxe4 4. Nxe4 Nf6 5. Qe2 Nxe4 6. Qxe4 Nd7 7. Bc4 Nf6 8. Ne5 e6 9. Qe2 b5 10. Bb3 Qc7 11. O-O Bd6 12. f4 O-O 13. d3 c5 14. c4 a6 15. Bc2 Bb7 16. b3 Nd7 17. Re1 Rfe8 18. d4 Nf8 19. dxc5 Bxc5+ 20. Be3 Bxe3+ 21. Qxe3 f6 22. Nf3 Bxf3 23. Qxf3 bxc4 24. Rac1 Qa7+ 25. Kh1 cxb3 26. Bxb3 Kh8 27. Qc6 e5 28. fxe5 fxe5 29. Rf1 Re7 30. Rc3 Rd8 31. Rcf3 Qb8 32. Qd6 Ree8 33. Qxa6 e4 34. Rh3 Qd6 35. Qe2 h6 36. Qg4 Re7 37. Rd1 Qc7 38. Rxd8 Qxd8 39. Rxh6+ Nh7 40. Rxh7+ Kxh7 41. Qh5# 1-0

[Event "Caplin Hastings Masters 2023-24"]
[Site "Hastings"]
[Date "2024.01.04"]
[Round "8.28"]
[White "Walker, Martin G"]
[Black "Ahn, Sungmin"]
[Result "1-0"]
[ECO "B20"]
[WhiteElo "2090"]
[BlackElo "1836"]
[Annotator "NA RC"]
[PlyCount "87"]
[EventDate "2023.12.18"]
[EventType "swiss"]
[EventCountry "ENG"]
[SourceTitle "playchess.com"]
[Source "ChessBase"]
[SourceQuality "1"]
[TimeControl "40/6000+30:3000+30"]

1. e4 c5 2. b4 b6 3. bxc5 bxc5 4. Bc4 e6 5. Nc3 d6 6. Nf3 Nf6 7. Qe2 Be7 8. e5 dxe5 9. Nxe5 a6 10. O-O O-O 11. Rb1 Qc7 12. Na4 Bd6 13. Nb6 Ra7 14. Nxc8 Qxc8 15. Bb2 Nc6 16. Nxc6 Qxc6 17. Rfe1 Be7 18. Bc3 Rd8 19. Ba5 Rd6 20. Rb3 Nd7 21. Bd3 Bf6 22. Qe4 Qxe4 23. Bxe4 g6 24. d3 Kg7 25. g3 c4 26. dxc4 Nc5 27. Bb6 Nxb3 28. Bxa7 Nd2 29. c5 Rd4 30. Bg2 Rc4 31. Rd1 Rxc2 32. c6 Be5 33. Bb6 Nc4 34. Bd8 Na3 35. f4 Bf6 36. c7 Nb5 37. Rd7 Bd4+ 38. Rxd4 Nxd4 39. Bb7 Rc1+ 40. Kf2 Rc2+ 41. Ke1 Rxh2 42. c8=Q Nc2+ 43. Kf1 Ne3+ 44. Kg1 1-0

[Event "Caplin Hastings Masters 2023-24"]
[Site "Hastings"]
[Date "2024.01.04"]
[Round "8.29"]
[White "Boggarapu, Kritan"]
[Black "Liu, Tianyi"]
[Result "0-1"]
[ECO "B48"]
[WhiteElo "1857"]
[BlackElo "2022"]
[Annotator "NA RC"]
[PlyCount "82"]
[EventDate "2023.12.18"]
[EventType "swiss"]
[EventCountry "ENG"]
[SourceTitle "playchess.com"]
[Source "ChessBase"]
[SourceQuality "1"]
[TimeControl "40/6000+30:3000+30"]

1. e4 c5 2. Nf3 e6 3. d4 cxd4 4. Nxd4 Nc6 5. Nc3 Qc7 6. Be3 a6 7. Qd2 Nf6 8. f3 Be7 9. O-O-O b5 10. Kb1 Nxd4 11. Bxd4 Bb7 12. g4 O-O 13. h4 e5 14. Bf2 Rac8 15. g5 b4 16. Na4 Nxe4 17. fxe4 Bxe4 18. Bd3 Bxh1 19. Rxh1 Qc6 20. Qe1 Qxa4 21. Qe4 g6 22. h5 Qc6 23. Qh4 Bxg5 24. Qh2 h6 25. hxg6 e4 26. Bh4 exd3 27. c4 Qxc4 28. Bxg5 Qc2+ 29. Qxc2 dxc2+ 30. Kc1 hxg5 31. gxf7+ Rxf7 32. Rg1 Kf8 33. a3 bxa3 34. bxa3 g4 35. a4 g3 36. a5 g2 37. Kb2 Rf1 38. Rxf1+ gxf1=Q 39. Ka2 Qb1+ 40. Ka3 Rc3+ 41. Ka4 Qb3# 0-1

[Event "Caplin Hastings Masters 2023-24"]
[Site "Hastings"]
[Date "2024.01.04"]
[Round "8.30"]
[White "Steiners, Emils"]
[Black "Byrn, Carsten"]
[Result "0-1"]
[ECO "D87"]
[WhiteElo "1993"]
[BlackElo "1823"]
[Annotator "NA RC"]
[PlyCount "48"]
[EventDate "2023.12.18"]
[EventType "swiss"]
[EventCountry "ENG"]
[SourceTitle "playchess.com"]
[Source "ChessBase"]
[SourceQuality "1"]
[TimeControl "40/6000+30:3000+30"]

1. d4 Nf6 2. c4 g6 3. Nc3 d5 4. cxd5 Nxd5 5. e4 Nxc3 6. bxc3 Bg7 7. Bc4 O-O 8. Ne2 c5 9. O-O Nc6 10. Be3 e6 11. Qd2 Qa5 12. Rfd1 Rd8 13. Rac1 b6 14. Qb2 cxd4 15. cxd4 Bb7 16. Bd2 Qh5 17. Bc3 Rac8 18. Nf4 Qg5 19. g3 Na5 20. Bxa5 Qxa5 21. e5 Bh6 22. Rc2 Bxf4 23. gxf4 Rxc4 24. Rxc4 Qd5 0-1

[Event "Caplin Hastings Masters 2023-24"]
[Site "Hastings"]
[Date "2024.01.04"]
[Round "8.31"]
[White "Nainika, Gupta"]
[Black "Banerjee, Supratit"]
[Result "0-1"]
[ECO "A05"]
[WhiteElo "1543"]
[BlackElo "1974"]
[Annotator "NA RC"]
[PlyCount "68"]
[EventDate "2023.12.18"]
[EventType "swiss"]
[EventCountry "ENG"]
[SourceTitle "playchess.com"]
[Source "ChessBase"]
[SourceQuality "1"]
[TimeControl "40/6000+30:3000+30"]

1. e4 e6 2. d3 d5 3. Qe2 Nf6 4. Nf3 Be7 5. g3 O-O 6. Bg2 c5 7. O-O Nc6 8. c3 b5 9. Nbd2 Bb7 10. Rd1 Re8 11. a4 b4 12. Nb3 Bf8 13. Be3 Na5 14. Nxa5 Qxa5 15. e5 Nd7 16. Bd2 Rac8 17. c4 Qc7 18. Re1 Rcd8 19. Bg5 Be7 20. Rad1 Bxg5 21. Nxg5 h6 22. Nh3 dxc4 23. dxc4 Bxg2 24. Kxg2 Qc6+ 25. Qe4 Nxe5 26. Qxc6 Nxc6 27. Nf4 Na5 28. Nd3 Rc8 29. Rc1 Red8 30. Re3 Rd4 31. Ne5 f6 32. Nf3 Rxc4 33. Rxc4 Nxc4 34. Re2 e5 0-1

[Event "Caplin Hastings Masters 2023-24"]
[Site "Hastings"]
[Date "2024.01.04"]
[Round "8.32"]
[White "Seo, Juwon"]
[Black "Sugden, John N"]
[Result "1/2-1/2"]
[ECO "B48"]
[WhiteElo "1405"]
[BlackElo "1968"]
[Annotator "NA RC"]
[PlyCount "73"]
[EventDate "2023.12.18"]
[EventType "swiss"]
[EventCountry "ENG"]
[SourceTitle "playchess.com"]
[Source "ChessBase"]
[SourceQuality "1"]
[TimeControl "40/6000+30:3000+30"]

1. e4 c5 2. Nf3 e6 3. d4 cxd4 4. Nxd4 a6 5. Nc3 b5 6. Bd3 Bb7 7. O-O Qc7 8. Be3 Nf6 9. a3 Nc6 10. Kh1 Ne5 11. f4 Nc4 12. Bxc4 Qxc4 13. e5 Nd5 14. Nxd5 Qxd5 15. Rf2 Be7 16. Qf3 Qxf3 17. Nxf3 O-O 18. Rd1 Bd5 19. Rfd2 Rfc8 20. Nd4 f6 21. Nf5 Bf8 22. exf6 gxf6 23. Ng3 Bh6 24. c3 Kf7 25. Re1 Rc4 26. f5 Bxe3 27. Rxe3 Rf4 28. Re1 Rc8 29. fxe6+ dxe6 30. Kg1 Rc7 31. Nf1 Re4 32. Rxe4 Bxe4 33. Ne3 Ke7 34. Ng4 Bf5 35. Ne3 Be4 36. Ng4 Bf5 37. Ne3 1/2-1/2

[Event "Caplin Hastings Masters 2023-24"]
[Site "Hastings"]
[Date "2024.01.04"]
[Round "8.33"]
[White "Honey, Luke Anthony"]
[Black "Han, Qixiang"]
[Result "1-0"]
[ECO "B76"]
[WhiteElo "1907"]
[BlackElo "1711"]
[Annotator "NA RC"]
[PlyCount "101"]
[EventDate "2023.12.18"]
[EventType "swiss"]
[EventCountry "ENG"]
[SourceTitle "playchess.com"]
[Source "ChessBase"]
[SourceQuality "1"]
[TimeControl "40/6000+30:3000+30"]

1. e4 c5 2. Nf3 d6 3. d4 cxd4 4. Nxd4 Nf6 5. Nc3 g6 6. Be3 Bg7 7. f3 O-O 8. Qd2 Nc6 9. O-O-O d5 10. Kb1 Nxd4 11. e5 Nf5 12. exf6 exf6 13. Bc5 d4 14. Bxf8 Qxf8 15. Nb5 Ne3 16. Re1 f5 17. f4 Qc5 18. c3 Nxf1 19. Re8+ Bf8 20. Qxd4 Qxd4 21. cxd4 Bd7 22. Rxa8 Bxb5 23. Rxa7 Bd3+ 24. Kc1 b5 25. Kd1 Bc4 26. b3 Bd3 27. Ra8 Kg7 28. Rxf8 Kxf8 29. Ke1 Ne3 30. Kd2 Ng4 31. Kxd3 Nf2+ 32. Ke2 Nxh1 33. a4 bxa4 34. bxa4 Ke7 35. a5 Kd7 36. a6 Kc7 37. d5 Kd6 38. a7 Kxd5 39. a8=Q+ Ke6 40. g3 Nxg3+ 41. hxg3 Kf6 42. Qc6+ Kg7 43. Ke3 f6 44. Kd4 g5 45. fxg5 fxg5 46. Ke5 h5 47. Kxf5 h4 48. Qf6+ Kh7 49. Qxg5 hxg3 50. Kf6 g2 51. Qg7# 1-0

[Event "Caplin Hastings Masters 2023-24"]
[Site "Hastings"]
[Date "2024.01.04"]
[Round "8.34"]
[White "Suez-Panama, Gilles"]
[Black "Park, Inchan"]
[Result "1-0"]
[ECO "A05"]
[WhiteElo "1868"]
[BlackElo "1768"]
[Annotator "NA RC"]
[PlyCount "113"]
[EventDate "2023.12.18"]
[EventType "swiss"]
[EventCountry "ENG"]
[SourceTitle "playchess.com"]
[Source "ChessBase"]
[SourceQuality "1"]
[TimeControl "40/6000+30:3000+30"]

1. Nf3 Nf6 2. g3 b6 3. Bg2 Bb7 4. O-O g6 5. d3 d5 6. c3 Bg7 7. Qa4+ Nbd7 8. Re1 O-O 9. Qh4 e5 10. Bh6 Nh5 11. Bxg7 Qxh4 12. Nxh4 Nxg7 13. Nf3 Rfe8 14. d4 e4 15. Nfd2 Ne6 16. e3 b5 17. Na3 a6 18. Nb3 Rac8 19. Na5 Ba8 20. h4 c5 21. Nc2 Nb6 22. dxc5 Nxc5 23. Re2 Nd3 24. Nb4 Nxb4 25. cxb4 Nc4 26. Nb3 Bc6 27. Nc5 a5 28. b3 Ne5 29. bxa5 b4 30. Rd2 Red8 31. Na6 Nd3 32. Bf1 Ne5 33. Bg2 Nd3 34. Bf1 Ne5 35. Be2 Bb5 36. Nxb4 Ra8 37. a6 Bxe2 38. Rxe2 Nf3+ 39. Kg2 f5 40. Nc6 Rd6 41. Nd4 Ne5 42. a7 Rb6 43. a4 Rxa7 44. a5 Rba6 45. b4 Nd3 46. Ra4 Ne5 47. Rea2 Nc4 48. Nb3 Ra8 49. b5 R6a7 50. a6 Rb8 51. Nd4 Nb6 52. Nc6 Nxa4 53. Nxb8 Nb6 54. Nc6 Rc7 55. a7 Na8 56. Rd2 Rd7 57. Rxd5 1-0

[Event "Caplin Hastings Masters 2023-24"]
[Site "Hastings"]
[Date "2024.01.04"]
[Round "8.36"]
[White "Flynn, David"]
[Black "Moracchini, Margaux"]
[Result "0-1"]
[ECO "B06"]
[WhiteElo "1791"]
[BlackElo "1922"]
[Annotator "RC"]
[PlyCount "114"]
[EventDate "2023.12.18"]
[EventType "swiss"]
[EventCountry "ENG"]
[SourceTitle "playchess.com"]
[Source "ChessBase"]
[SourceQuality "1"]
[TimeControl "40/6000+30:3000+30"]

1. e4 c5 2. Nc3 d6 3. f4 g6 4. Nf3 Bg7 5. d4 cxd4 6. Nxd4 Nc6 7. Bb5 Bd7 8. Be3 Nf6 9. Qd2 O-O 10. O-O-O Nxd4 11. Bxd7 Nxc2 12. Qxc2 Qxd7 13. e5 Qe6 14. Bd4 dxe5 15. Bxe5 b5 16. Rhe1 Rac8 17. a3 a5 18. Bc7 Qg4 19. h3 Qh4 20. Bxa5 Qxf4+ 21. Kb1 e6 22. Bb4 Rfe8 23. Qe2 Rc4 24. Rf1 Qh4 25. Qf3 g5 26. Qb7 Qh5 27. Qxb5 Qg6+ 28. Ka2 Rcc8 29. Qe2 Nd5 30. Nxd5 exd5 31. Qd3 Qxd3 32. Rxd3 Rc2 33. Rb1 Ree2 34. Rb3 Rxg2 35. a4 f5 36. a5 Rc6 37. Ka3 g4 38. hxg4 fxg4 39. Ka4 Re2 40. Rg3 h5 41. Kb5 Rc8 42. Bd6 Kf7 43. b4 Ke6 44. Bf4 Bd4 45. Rd3 Re4 46. Bg3 Bf6 47. Rbd1 h4 48. Be1 d4 49. Kb6 Kd5 50. Kb7 Rce8 51. Bf2 R4e7+ 52. Ka6 Ra8+ 53. Kb5 Re4 54. a6 g3 55. Bxg3 hxg3 56. Rxg3 Re6 57. Ra3 Rb8+ 0-1

[Event "Caplin Hastings Masters 2023-24"]
[Site "Hastings"]
[Date "2024.01.04"]
[Round "8.37"]
[White "Weersing, Abigail Riis"]
[Black "Howell, Oliver W"]
[Result "0-1"]
[ECO "D14"]
[WhiteElo "2056"]
[BlackElo "1782"]
[Annotator "RC"]
[PlyCount "114"]
[EventDate "2023.12.18"]
[EventType "swiss"]
[EventCountry "ENG"]
[SourceTitle "playchess.com"]
[Source "ChessBase"]
[SourceQuality "1"]
[TimeControl "40/6000+30:3000+30"]

1. d4 d5 2. c4 c6 3. cxd5 cxd5 4. Nc3 Nf6 5. Bf4 Nc6 6. Nf3 Bf5 7. Qb3 Na5 8. Qa4+ Bd7 9. Qc2 e6 10. e3 Rc8 11. Bd3 Be7 12. O-O O-O 13. Ne5 h6 14. Qe2 Bc6 15. Rac1 Nd7 16. Bb1 Nxe5 17. Bxe5 Nc4 18. Qg4 Nxe5 19. dxe5 Bc5 20. Ne4 dxe4 21. Rxc5 Qg5 22. Qxg5 hxg5 23. Rfc1 Rcd8 24. b4 Rd5 25. b5 Rfd8 26. Rxd5 Bxd5 27. h3 Kf8 28. Kh2 Ke7 29. Kg3 Kd7 30. Rd1 Kc7 31. Rd4 f5 32. exf6 e5 33. Rxd5 Rxd5 34. f7 Rd8 35. Bxe4 Rf8 36. Bd5 Kd6 37. e4 Ke7 38. Kg4 Kf6 39. g3 b6 40. h4 gxh4 41. Kxh4 g5+ 42. Kg4 Rc8 43. a4 Rh8 44. f4 gxf4 45. gxf4 exf4 46. Kxf4 Ke7 47. Kf5 Rh3 48. e5 Rh5+ 49. Kf4 Rh4+ 50. Kg5 Rxa4 51. e6 a5 52. Bc6 Ra1 53. Kh6 a4 54. Be4 a3 55. Kg7 Rg1+ 56. Bg6 Rxg6+ 57. Kxg6 a2 0-1

[Event "Caplin Hastings Masters 2023-24"]
[Site "Hastings"]
[Date "2024.01.04"]
[Round "8.38"]
[White "Binks, Michael"]
[Black "Butt, Laurence"]
[Result "0-1"]
[ECO "A95"]
[WhiteElo "2035"]
[BlackElo "1688"]
[Annotator "NA RC"]
[PlyCount "38"]
[EventDate "2023.12.18"]
[EventType "swiss"]
[EventCountry "ENG"]
[SourceTitle "playchess.com"]
[Source "ChessBase"]
[SourceQuality "1"]
[TimeControl "40/6000+30:3000+30"]

1. d4 d5 2. Nf3 f5 3. c4 e6 4. Nc3 Nf6 5. g3 Be7 6. Bg2 O-O 7. O-O c6 8. b3 Bd7 9. Bb2 b5 10. Qd3 Qb6 11. cxb5 cxb5 12. Ne5 Be8 13. f3 b4 14. Nb1 Nbd7 15. Kh1 Nxe5 16. dxe5 Nd7 17. Nd2 Nc5 18. Qe3 Nd7 19. Rfc1 Qxe3 0-1

[Event "Caplin Hastings Masters 2023-24"]
[Site "Hastings"]
[Date "2024.01.04"]
[Round "8.39"]
[White "Alcindor, Samuel"]
[Black "Keely, Leo A"]
[Result "0-1"]
[ECO "A10"]
[WhiteElo "1714"]
[BlackElo "1908"]
[Annotator "NA RC"]
[PlyCount "130"]
[EventDate "2023.12.18"]
[EventType "swiss"]
[EventCountry "ENG"]
[SourceTitle "playchess.com"]
[Source "ChessBase"]
[SourceQuality "1"]
[TimeControl "40/6000+30:3000+30"]

1. c4 f5 2. Nc3 Nf6 3. g3 g6 4. Bg2 Bg7 5. d3 d6 6. e4 fxe4 7. dxe4 Nc6 8. Nge2 O-O 9. O-O Kh8 10. h3 e5 11. Be3 Nh5 12. Qd2 Be6 13. Nd5 Qd7 14. Kh2 Rf7 15. Rad1 Rd8 16. b4 a6 17. a4 Ne7 18. Nec3 Bxd5 19. Nxd5 Nc6 20. c5 dxc5 21. Bxc5 Nd4 22. g4 c6 23. Bxd4 cxd5 24. Bb6 Nf4 25. Bxd8 Qxd8 26. exd5 Qf6 27. d6 Rd7 28. Bxb7 Rxb7 29. d7 Qd8 30. Qd6 Ra7 31. Qc6 h6 32. Rfe1 Kh7 33. Kg3 Ra8 34. f3 Rb8 35. Qxa6 Rxb4 36. Qc8 Rb2 37. Rg1 Ne2+ 38. Kh2 Nxg1+ 39. Kxg1 Qh4 40. Qg8+ Kxg8 41. d8=Q+ Qxd8 42. Rxd8+ Kf7 43. Kf1 Ra2 44. Ra8 Bf6 45. Ke1 Be7 46. Kd1 h5 47. gxh5 gxh5 48. Kc1 Rh2 49. a5 Rxh3 50. a6 Rxf3 51. Kb2 Ra3 52. Ra7 Ra5 53. Kc3 h4 54. Ra8 h3 55. Kd3 Ra1 56. Kc4 h2 57. Rh8 h1=Q 58. Rxh1 Rxh1 59. Kb5 Ra1 60. Kb6 e4 61. Kb7 e3 62. a7 e2 63. Ka8 e1=Q 64. Kb7 Qb4+ 65. Ka8 Rxa7+ 0-1